Map: [ESL] Ancient Cistern

Players

Vindicta

  • Race: Terran Terran
  • Spawn Location: 1:00

Future - Winner!

  • Race: Terran Terran
  • Spawn Location: 7:00

Event: ESL SC2 Masters 2023 Summer (Regionals)

VOD

Have the link to the VOD?

Description

Time

  • Played on: May 9, 2023, 1:57 p.m.
  • Length: 14:51

All games in this series

Show
View Real Time Build Order
Export as new Build Order

Vindicta Terran 

Build Orders: Reaper Expand 

Get SALT Encoding   

  12  0:00  SCV  
  13  0:12  SCV  
  14  0:16  Supply Depot  
  14  0:24  SCV  
  15  0:38  SCV  
  15  0:39  Barracks  
  16  0:42  Refinery  
  16  0:50  SCV  
  17  1:02  SCV  
  18  1:14  SCV  
  19  1:27  Orbital Command, Reaper  
  20  1:42  Command Center  
  20  1:50  Supply Depot  
  20  1:53  SCV  
  21  1:58  Marine  
  22  2:05  SCV  
  23  2:10  Factory  
  23  2:16  Bunker  
  23  2:17  Marine  
  23  2:20  SCV  
  25  2:27  Refinery  
  25  2:32  SCV  
  25  2:37  Marine  
  27  2:45  SCV  
  28  2:54  Hellion, Starport  
  28  2:56  Orbital Command  
  28  2:58  SCV  
  31  3:10  SCV, Barracks Reactor  
  32  3:15  Factory Tech Lab  
  32  3:22  SCV x2  
  34  3:31  Viking  
  36  3:34  SCV x2  
  36  3:37  Siege Tank  
  36  3:41  Supply Depot  
  40  3:46  SCV  
  40  3:47  Marine x2  
  41  3:48  SCV  
  39  3:58  SCV  
  39  4:00  SCV  
  37  4:04  Marine x2  
  36  4:10  SCV  
  36  4:13  SCV  
  37  4:20  Factory Tech Lab  
  37  4:22  Raven, Marine x2  
  37  4:23  SCV  
  42  4:25  SCV  
  41  4:37  SCV  
  43  4:40  Cyclone  
  43  4:44  Marine, Supply Depot  
  47  4:47  Marine  
  47  4:49  SCV  
  47  4:52  SCV  
  49  4:53  Refinery  
  49  5:01  SCV  
  49  5:04  SCV  
  49  5:06  Supply Depot  
  51  5:12  Siege Tank  
  51  5:13  SCV  
  55  5:14  Viking  
  55  5:17  SCV  
  58  5:25  Viking  
  58  5:26  SCV  
  58  5:29  SCV  
  58  5:38  SCV  
  58  5:41  SCV  
  60  5:44  Viking  
  62  5:51  SCV  
  62  5:53  SCV, Supply Depot  
  64  5:59  Siege Tank  
  64  6:03  SCV  
  68  6:05  SCV  
  68  6:10  Command Center  
  69  6:15  SCV  
  70  6:19  SCV  
  70  6:23  Supply Depot  
  70  6:25  Viking  
  73  6:29  Viking  
  73  6:31  SCV  
  76  6:34  SCV  
  76  6:35  Refinery  
  77  6:43  SCV  
  77  6:45  Siege Tank  
  77  6:46  Supply Depot  
  77  6:47  SCV  
  82  6:48  Factory  
  82  6:55  SCV  
  82  6:58  Supply Depot  
  82  6:59  SCV  
  82  7:00  Viking  
  86  7:08  SCV  
  87  7:11  Supply Depot  
  87  7:12  Liberator  
  90  7:16  SCV  
  90  7:22  Supply Depot  
  74  7:32  SCV  
  74  7:33  Viking  
  74  7:35  SCV  
  72  7:38  Orbital Command  
  72  7:42  Siege Tank  
  72  7:43  Siege Tank  
  78  7:44  SCV  
  78  7:48  SCV  
  78  7:50  Supply Depot  
  80  7:56  SCV, Barracks Reactor  
  81  7:59  Viking  
  81  8:01  SCV, Factory  
  81  8:03  Supply Depot  
  81  8:04  SCV  
  85  8:08  SCV  
  85  8:09  Viking  
  85  8:13  SCV  
  85  8:20  Siege Tank  
  85  8:21  SCV x2  
  85  8:25  SCV  
  87  8:33  SCV, Siege Tank  
  91  8:37  SCV  
  85  8:47  Liberator  
  87  8:49  SCV x2  
  87  8:50  SCV  
  87  8:51  Factory  
  87  8:54  Engineering Bay  
  90  9:01  SCV  
  90  9:02  SCV  
  92  9:06  Viking  
  94  9:10  Orbital Command  
  94  9:14  SCV  
  94  9:15  Siege Tank  
  97  9:20  Hellion  
  99  9:28  SCV  
  99  9:29  SCV  
  97  9:32  Engineering Bay  
  97  9:36  SCV  
  98  9:39  Engineering Bay, Refinery  
  98  9:40  Supply Depot  
  98  9:41  SCV x2, Siege Tank  
  98  9:42  Refinery  
  103  9:47  Siege Tank  
  103  9:48  SCV  
  107  9:53  SCV x2  
  109  10:00  SCV  
  109  10:05  SCV x2  
  109  10:06  Hellion  
  114  10:09  Missile Turret  
  114  10:12  SCV, Missile Turret  
  114  10:13  Hellion, Command Center, Siege Tank  
  120  10:16  Viking x2  
  120  10:17  Missile Turret  
  120  10:19  Siege Tank  
  120  10:20  SCV  
  120  10:21  SCV  
  129  10:27  Hellion  
  128  10:37  Hellion  
  128  10:40  Missile Turret  
  128  10:41  Missile Turret  
  130  10:42  Missile Turret  
  130  10:44  Sensor Tower, Infernal Pre-Igniter  
  130  10:45  Siege Tank  
  130  10:48  Missile Turret  
  130  10:49  Missile Turret  
  133  10:51  Siege Tank  
  133  10:56  Viking  
  138  11:01  Viking  
  138  11:03  Hellion  
  139  11:11  Missile Turret  
  139  11:12  Missile Turret, Sensor Tower  
  139  11:19  Factory  
  139  11:20  Factory  
  139  11:22  Missile Turret  
  139  11:30  Hellion  
  139  11:31  Hellion x3  
  143  11:46  Liberator  
  136  11:47  SCV  
  136  11:51  Liberator  
  136  11:52  Hellion x2, Siege Tank x2  
  144  11:56  Armory  
  144  11:58  Refinery  
  144  12:01  SCV  
  144  12:02  SCV  
  144  12:08  SCV, Missile Turret  
  147  12:09  Missile Turret  
  147  12:13  Hellion x2, Factory Tech Lab, Factory Reactor  
  147  12:14  SCV  
  152  12:16  SCV  
  152  12:20  SCV  
  154  12:23  Refinery  
  154  12:24  Refinery  
  146  12:45  Thor x2, Terran Vehicle Weapons Level 1  
  164  12:59  Hellion x2  
  164  13:00  Sensor Tower  
  164  13:05  Drilling Claws  
  162  13:06  Widow Mine, Armory  
  149  13:13  Hellion  
  130  13:20  Widow Mine, Hellion  
  130  13:23  Missile Turret  
  126  13:27  Widow Mine  
  126  13:28  Siege Tank  
  126  13:32  Viking  
  125  13:35  SCV x2, Command Center  
  125  13:38  SCV  
  125  13:40  Hellion  
  131  13:45  Command Center  
  131  13:47  SCV x2  
  133  13:50  Hellion, SCV  
  133  13:52  Hellion  
  133  13:53  Viking  
  133  13:55  Hellion  
  139  13:58  Hellion  
  139  13:59  SCV x2  
  139  14:02  Viking  
  139  14:07  Siege Tank  
  139  14:08  Hellion  
  142  14:13  SCV  
  142  14:14  Hellion  
  142  14:16  SCV  
  148  14:19  Hellion  
  148  14:24  Hellion  
  152  14:25  Widow Mine  
  152  14:30  SCV  
Show
View Real Time Build Order
Export as new Build Order

Future Terran - Winner!

Build Orders: Banshee Rush 

Get SALT Encoding   

  12  0:00  SCV  
  13  0:12  SCV  
  14  0:16  Supply Depot  
  14  0:24  SCV  
  15  0:38  SCV  
  15  0:39  Barracks  
  16  0:43  Refinery  
  16  0:50  SCV  
  16  0:52  Refinery  
  17  1:02  SCV  
  18  1:14  SCV  
  19  1:26  Orbital Command, Reaper  
  20  1:38  Supply Depot  
  20  1:40  Factory  
  20  1:52  SCV  
  21  1:58  Reaper  
  22  2:04  SCV  
  23  2:16  SCV  
  23  2:21  Command Center  
  24  2:24  Hellion  
  24  2:28  SCV  
  27  2:30  Reaper  
  28  2:37  Supply Depot  
  28  2:40  SCV  
  29  2:45  Hellion  
  29  2:50  Starport  
  31  2:58  SCV  
  31  3:03  Barracks Reactor  
  32  3:06  Factory Tech Lab  
  32  3:10  SCV  
  33  3:23  SCV  
  33  3:25  Cyclone  
  37  3:27  Starport Tech Lab  
  37  3:31  Refinery  
  37  3:35  SCV  
  37  3:36  Orbital Command  
  37  3:39  Marine x2  
  40  3:47  SCV  
  41  3:51  Cloaking Field  
  40  3:57  Banshee  
  40  3:59  SCV  
  40  4:01  Marine  
  40  4:02  Marine  
  45  4:03  SCV  
  45  4:11  SCV  
  45  4:15  SCV  
  45  4:21  Marine x2  
  45  4:23  SCV  
  47  4:25  Siege Tank  
  47  4:27  SCV  
  49  4:34  Supply Depot  
  49  4:35  SCV  
  48  4:39  Marine x2, SCV  
  48  4:44  Raven  
  53  4:47  SCV  
  53  4:50  Starport  
  54  4:53  Supply Depot  
  54  4:55  SCV  
  54  4:58  Supply Depot  
  54  4:59  SCV  
  56  5:03  Marine x2  
  58  5:11  SCV  
  58  5:13  Siege Tank  
  62  5:16  Supply Depot  
  62  5:20  SCV, Supply Depot  
  62  5:21  Raven  
  65  5:32  SCV  
  65  5:33  SCV  
  65  5:34  Marine  
  65  5:35  Viking  
  70  5:44  Marine, Refinery, Supply Depot, SCV  
  70  5:46  Siege Tank  
  75  5:52  SCV  
  75  5:53  Marine  
  75  5:56  SCV  
  78  6:04  SCV  
  78  6:06  Viking  
  78  6:07  Supply Depot  
  78  6:09  SCV  
  82  6:18  Viking, Siege Tank  
  85  6:20  SCV  
  85  6:21  SCV, Command Center  
  89  6:25  Viking  
  89  6:31  Supply Depot  
  89  6:32  Marine  
  92  6:35  Supply Depot  
  92  6:39  Viking  
  94  6:44  SCV x2  
  96  6:50  Siege Tank  
  100  6:56  Viking  
  100  6:58  Viking  
  103  7:09  Marine  
  103  7:12  Barracks  
  103  7:13  Barracks, SCV  
  103  7:14  SCV  
  98  7:26  SCV  
  98  7:27  Viking x2  
  89  7:37  Siege Tank  
  89  7:38  Marine  
  89  7:39  Stimpack  
  89  7:40  SCV x2  
  94  7:45  Viking  
  94  7:48  Engineering Bay  
  94  7:50  Engineering Bay  
  96  7:52  SCV x2  
  96  7:57  Marine  
  99  8:02  Barracks Reactor x2  
  99  8:04  SCV x2  
  101  8:10  Viking x2  
  105  8:14  Orbital Command  
  105  8:17  SCV  
  105  8:18  SCV  
  107  8:23  Marine  
  108  8:29  SCV  
  108  8:30  SCV  
  110  8:39  Refinery x2  
  110  8:41  Marine  
  103  8:42  SCV x2, Marine x4  
  103  8:47  Medivac  
  103  8:48  Medivac  
  111  8:49  Starport Tech Lab  
  114  8:59  Marauder  
  114  9:00  Barracks, Marine x2  
  114  9:01  Barracks  
  113  9:02  Marine  
  113  9:07  Terran Infantry Weapons Level 1, Terran Infantry Armor Level 1  
  113  9:09  Marine  
  112  9:19  Marine x2  
  112  9:20  Marine, Marauder  
  113  9:24  Siege Tank  
  113  9:27  Marine, Medivac x2  
  113  9:28  Raven  
  121  9:37  Marine x2  
  121  9:38  Marine  
  123  9:42  Marauder, Supply Depot  
  123  9:43  Supply Depot  
  123  9:44  Combat Shield  
  123  9:45  Marine  
  126  9:48  Command Center  
  126  9:51  Barracks Tech Lab x2  
  127  9:54  SCV x3  
  127  9:59  Barracks  
  130  10:01  Barracks  
  130  10:03  Barracks, Marauder  
  130  10:06  SCV x3, Marine  
  130  10:07  Marine x2  
  136  10:09  Raven  
  140  10:14  Supply Depot  
  140  10:18  SCV  
  138  10:30  Marauder x3  
  138  10:31  Marine x3  
  138  10:32  Marine  
  138  10:33  SCV x3  
  151  10:39  Supply Depot  
  151  10:40  Supply Depot  
  151  10:41  Armory, Medivac x2  
  155  10:47  SCV x3  
  155  10:49  Marine  
  159  10:51  Supply Depot x2  
  159  10:53  Marauder  
  161  10:57  Marauder  
  161  10:59  Marauder  
  161  11:00  Marine  
  161  11:01  Marine x2  
  168  11:04  Planetary Fortress  
  168  11:11  Sensor Tower x2  
  168  11:12  SCV x3  
  168  11:15  Marauder  
  172  11:19  Marauder, Barracks Tech Lab x3  
  172  11:24  SCV x2  
  174  11:26  SCV  
  174  11:27  Marauder  
  173  11:36  Marauder, SCV x2  
  173  11:38  SCV  
  178  11:46  Marauder  
  178  11:47  Marauder x3  
  161  11:48  SCV  
  141  11:55  Marauder  
  141  11:56  Command Center x2  
  141  11:57  Marauder  
  141  11:58  Marine  
  141  11:59  Terran Infantry Weapons Level 2, Marine  
  141  12:02  Terran Infantry Armor Level 2  
  141  12:06  Marine x2  
  141  12:08  Marauder x2  
  147  12:14  Marauder  
  149  12:17  Marauder x2, Marine x2  
  149  12:19  Marine  
  149  12:21  Terran Ship Weapons Level 1  
  156  12:23  Raven  
  157  12:33  SCV  
  157  12:34  SCV x3  
  156  12:41  Concussive Shells  
  156  12:43  Marauder, Command Center  
  160  12:44  Marauder x2  
  160  12:45  Marauder  
  160  12:49  SCV x3  
  160  12:50  SCV  
  168  12:52  Marauder x2, Marine  
  168  12:53  Marine x2  
  168  12:54  Marine  
  168  12:55  Medivac  
  168  12:56  Medivac  
  180  13:01  SCV x2  
  180  13:02  SCV  
  183  13:12  Marauder x2  
  169  13:15  Marauder x2  
  169  13:16  Marauder x2  
  167  13:22  Raven  
  152  13:29  Marine x2  
  152  13:33  Marauder  
  152  13:34  Marauder, Marine  
  148  13:36  Marauder  
  148  13:37  Marauder x3  
  148  13:38  Marine  
  154  13:43  Orbital Command x2  
  154  13:45  Medivac x2  
  156  13:55  Marine x2, Marauder x2  
  162  13:58  Marauder  
  162  13:59  Command Center  
  162  14:00  Marine, Marauder  
  162  14:01  Sensor Tower  
  167  14:05  Marauder x2  
  171  14:12  Marine  
  171  14:16  Marauder x2  
  175  14:19  Marauder  
  175  14:20  Missile Turret  
  175  14:22  Marauder  
  179  14:27  Marauder x2, Marine  
  179  14:28  Marine x2  
Tags
 
Add a new tag
Caveats
  • Supply blocks, unpowered buildings, or Contaminate may cause inaccurate times.
  • Supply counts are checked every 10 seconds.